 Dungeon Crawl Stone Soup version 0.27.0-1-g7a089689b8 (webtiles) character file.

Game seed: 5285304624578529747

1113 Delamore the Cutter (level 8, -20/55 HPs)
             Began as an Octopode Brigand on Aug 7, 2021.
             Demolished by a shadow (28 damage)
             ... on level 5 of the Dungeon.
             The game lasted 00:05:37 (5942 turns).

Delamore the Cutter (Octopode Brigand)              Turns: 5942, Time: 00:05:37

Health: -20/55     AC:  1    Str: 10    XL:     8   Next: 33%
Magic:  0/8        EV: 16    Int: 13    God:
Gold:   237        SH:  0    Dex: 22    Spells: 7/7 levels left

rFire    . . .     SeeInvis .   m - +2 short sword (elec)
rCold    . . .     Faith    .   (no shield)
rNeg     . . .     Spirit   +   (helmet restricted)
rPois    .         Reflect  .   g - amulet of guardian spirit
rElec    .         Harm     .   e - +6 ring of dexterity
rCorr    .         Rampage  .   (no ring)
Will     .....                  (no ring)
Stlth    ++++......             (no ring)
HPRegen  0.18/turn              (no ring)
MPRegen  0.11/turn              (no ring)
                                (no ring)
                                (no ring)

@: no status effects
A: almost no armour, amphibious, 8 rings, camouflage 1, gelatinous body 1,
(nimble swimmer 1), tentacles
a: no special abilities


You were on level 5 of the Dungeon.
You visited 1 branch of the dungeon, and saw 5 of its levels.

You collected 237 gold pieces.

Inventory:

Hand Weapons
 a - a +2 dagger
 m - a +2 short sword of electrocution (weapon)
 r - a +1 dagger of venom
Missiles
 b - 52 poisoned darts
 c - 2 curare-tipped darts (quivered)
 i - 8 boomerangs
Jewellery
 e - a +6 ring of dexterity (left tentacle)
 g - an amulet of guardian spirit (around mantle)
Wands
 l - a wand of digging (6)
Scrolls
 h - 2 scrolls of blinking
 j - 3 scrolls of immolation
 n - 3 scrolls of identify
 p - a scroll of summoning
Potions
 d - 2 potions of haste
 f - 2 potions of brilliance
 k - a potion of invisibility
 o - a potion of curing
 q - a potion of lignification {unknown}
 s - a potion of heal wounds


   Skills:
 - Level 5.0 Fighting
 * Level 7.1 Short Blades
 - Level 2.0 Throwing
 + Level 4.8 Dodging
 - Level 5.3 Stealth


You had 7 spell levels left.
You didn't know any spells.
Your spell library contained the following spells:

 Spells                   Type           Power      Damage    Failure   Level
 Passwall                 Tmut/Erth      0%         N/A       43%         2
 Static Discharge         Conj/Air       0%         N/A       43%         2
 Inner Flame              Hex/Fire       0%         N/A       67%         3
 Swiftness                Air            0%         N/A       67%         3
 Dispel Undead            Necr           0%         3d6       97%         4
 Sticky Flame             Conj/Fire      0%         2d3       97%         4
 Metabolic Englaciation   Hex/Ice        0%         N/A       100%        5
 Yara's Violent Unravell  Hex/Tmut       0%         3d3       100%        5
 Invisibility             Hex            0%         N/A       100%        6


Dungeon Overview and Level Annotations

Branches:
Dungeon (5/15)             Temple (0/1) D:5

Altars:
Trog
Xom

Shops:
D:4 [


Innate Abilities, Weirdness & Mutations

You cannot wear most types of armour.
You are amphibious.
You can wear up to eight rings at the same time.
Your skin changes colour to match your surroundings (Stealth+).
Your rubbery body absorbs attacks. (AC +1, EV +1)
((You are camouflaged near water. (Stealth+)))
You have tentacles for arms and can constrict up to eight enemies at once.


Message History

The shadow flickers and vanishes!
Deactivating autopickup; reactivate with Ctrl-A.
The hound bites you.
You hit the hound. You grab the hound.
The hound is lightly wounded.
You constrict the hound. The hound misses you.
The shadow strikes at you from the darkness!
Reactivating autopickup.
You are too injured to fight recklessly!
You are too injured to fight recklessly!
You are too injured to fight recklessly!
You are too injured to fight recklessly!
You are too injured to fight recklessly!
You are too injured to fight recklessly!
You are too injured to fight recklessly!
You are too injured to fight recklessly!
You are too injured to fight recklessly!
You release your grip on the hound.
The shadow slips into darkness.
The shadow flickers and vanishes!
Deactivating autopickup; reactivate with Ctrl-A.
The hound bites you.
The hound pauses to sniff the ground.
The hound bites you. The hound closely misses you. The hound bites you.
* * * LOW HITPOINT WARNING * * *
The hound bites you.
* * * LOW HITPOINT WARNING * * *
The hound misses you. The hound bites you.
* * * LOW HITPOINT WARNING * * *
The hound bites you.
* * * LOW HITPOINT WARNING * * *
There is an escape hatch in the ceiling here.
The hound completely misses you. The hound bites you.
* * * LOW HITPOINT WARNING * * *
The shadow strikes at you from the darkness!
Ouch! That really hurt!
You die...

##.##...##.#
#.##.###..# ###.
##.##.###..#.....
........#.....####
####...##.######.#
#.#.##.######.#
#.#........##.#
#.########.##.#
####.#
#.##@##############
..##.#
#.##h.............##
..##.#
#.##.###########...##
..)).########.##.#
#.....
#..##............#
#(..#.
'.###.#######.####
........< #.# #.#
###...### ########.
..# #.# #.......# #.
..# #.# ##.#...#.# .[


You could see a hound.

Vanquished Creatures
  2 wyverns (D:5)
  An orc warrior (D:4)
  2 ogres (D:4)
  A centaur zombie (D:5)
  A jelly (D:5)
  A gnoll shaman (D:5)
  3 orc priests
  A bullfrog skeleton (D:5)
  2 iguanas
  3 orc wizards
  7 gnolls
  3 adders
  2 adder skeletons (D:4)
  A worm (D:2)
  5 dart slugs
  16 orcs
  4 bats
  9 endoplasms
  6 giant cockroaches
  6 goblins
  9 hobgoblins
  8 jackals
  8 quokkas
  5 ball pythons
  3 frilled lizards
  6 kobolds
  3 rats
118 creatures vanquished.

Vanquished Creatures (others)
  2 fungi (D:2)
  4 plants
6 creatures vanquished.

Grand Total: 124 creatures vanquished

Notes
Turn   | Place    | Note
-------+----------+-------------------------------------------
     0 | D:1      | Delamore the Octopode Brigand began the quest for the Orb.
     0 | D:1      | Reached XP level 1. HP: 14/14 MP: 1/1
   251 | D:1      | Reached XP level 2. HP: 13/19 MP: 2/2
   889 | D:1      | Reached XP level 3. HP: 25/25 MP: 3/3
  1397 | D:2      | Reached skill level 3 in Short Blades
  1767 | D:2      | Found a shimmering altar of Xom.
  2078 | D:2      | Found a faded altar of an unknown god.
  2473 | D:2      | Reached XP level 4. HP: 30/30 MP: 4/4
  2939 | D:2      | Reached XP level 5. HP: 26/36 MP: 2/5
  3221 | D:3      | Reached skill level 4 in Short Blades
  3732 | D:4      | Found Fiosmenkau's Armour Emporium.
  3986 | D:4      | Noticed an ogre
  3993 | D:4      | Killed an ogre
  3994 | D:4      | Reached XP level 6. HP: 42/42 MP: 6/6
  4030 | D:4      | HP: 1/42 [something/magic dart (4)]
  4039 | D:4      | HP: 1/42 [something/puff of flame (8)]
  4341 | D:4      | Found a bloodstained altar of Trog.
  4403 | D:4      | Noticed an orc warrior
  4659 | D:4      | Killed an orc warrior
  4660 | D:4      | Reached skill level 5 in Short Blades
  4660 | D:4      | Reached XP level 7. HP: 42/47 MP: 5/7
  5087 | D:5      | Entered Level 5 of the Dungeon
  5497 | D:5      | Found a staircase to the Ecumenical Temple.
  5499 | D:5      | Reached skill level 6 in Short Blades
  5585 | D:5      | Noticed a wyvern
  5589 | D:5      | Killed a wyvern
  5590 | D:5      | Reached XP level 8. HP: 54/54 MP: 8/8
  5738 | D:5      | Noticed a wyvern
  5743 | D:5      | Killed a wyvern
  5773 | D:5      | Reached skill level 5 in Fighting
  5807 | D:5      | Reached skill level 7 in Short Blades
  5836 | D:5      | Got the Incunabulum of Hexes
  5918 | D:5      | Noticed a shadow
  5942 | D:5      | Demolished by a shadow

Illustrated notes

Levels and vault maps discovered:
D:1:      tarquinn_simple_flora_water_d, layout_basic, solitary_fountain
D:2:      layout_basic, shapermc_ecumenical_altar_ellora, basic_altar
D:3:      minmay_spotlight, layout_basic
D:4:      layout_loops_ring, nicolae_overflow_crystal_walls, serial_shops, shop,
          minmay_checkerbox
D:5:      minmay_evil_eye, layout_loops_ring, minmay_temple_entry_proselytizer,
          nicolae_ossuary_entry_plus

Skill      XL: |  1  2  3  4  5  6  7  8 |
---------------+-------------------------+-----
Short Blades   | 3 4 5 6 7 |  7.1
Dodging        | 2 3 4 |  4.8
Fighting       | 3 4 5 |  5.0
Throwing       | |  2.0
Stealth        | |  5.3

Action                   |  1- 3 |  4- 6 |  7- 9 || total
-------------------------+-------+-------+-------++-------
Melee: Dagger            |    80 |   113 |       ||   193
       Constrict         |    20 |    25 |    15 ||    60
       Tentacles         |    18 |    30 |    14 ||    62
       Short sword       |       |     7 |    62 ||    69
Throw: Dart              |       |     6 |       ||     6
  Use: Scroll            |     3 |     3 |     2 ||     8
       Potion            |       |     2 |       ||     2
 Stab: Sleeping          |    13 |    16 |     6 ||    35
       Distracted        |       |     1 |       ||     1
Armor: Skin              |     5 |     2 |     3 ||    10
Dodge: Dodged            |    38 |    62 |    30 ||   130
